 Dungeon Crawl Stone Soup version 0.28-a0-1624-g820543e (webtiles) character file.

Game seed: 4336977283343918896

60328 Illumine the Stormcaller (level 14, -14/84 HPs)
             Began as a Tengu Conjurer on Jan 22, 2022.
             Was an Initiate of Gozag.
             Demolished by a komodo dragon (30 damage)
             ... on level 6 of the Lair of Beasts on Jan 23, 2022.
             The game lasted 01:19:12 (29455 turns).

Illumine the Stormcaller (Tengu Conjurer)          Turns: 29455, Time: 01:19:14

Health: -14/84     AC:  3    Str:  7    XL:     14   Next: 98%
Magic:  34/34      EV: 20    Int: 31    God:    Gozag
Gold:   3243       SH:  8    Dex: 19    Spells: 2/27 levels left

rFire   + + .      SeeInvis +   a - +7 trident of Zin's Grace {venom, Will- Dex+5 SInv}
rCold   + . .      Faith    .   L - +2 buckler
rNeg    . . .      Spirit   .   Q - +0 robe {rC+ rF+}
rPois   .          Reflect  .   (helmet restricted)
rElec   .          Harm     .   o - scarf {shadows}
rCorr   .          Rampage  .   s - +0 pair of gloves
Will    .....                   (boots unavailable)
Stlth   ++........              K - amulet "Noahipim" {RegenMP rF+ Dex+2 Slay-3 SInv}
HPRegen 0.24/turn               J - +6 ring of intelligence
MPRegen 0.64/turn               G - ring of magical power

@: gold aura, flying quickly and evasively, quick
A: beak, talons 3, nimble flight
a: Renounce Religion, Potion Petition, Call Merchant, Bribe Branch


You were on level 6 of the Lair of Beasts.
You worshipped Gozag.
Gozag was most pleased with you.
You visited 4 branches of the dungeon, and saw 21 of its levels.
You also visited: Ice Cave.

You collected 4836 gold pieces.
You spent 1485 gold pieces at shops.
You paid 108 gold pieces to Gozag.

Inventory:

Hand Weapons
 a - the +7 trident of Zin's Grace (weapon) {venom, Will- Dex+5 SInv}
   (You found it on level 1 of the Lair of Beasts)

   It poisons the flesh of those it strikes.
   Dex:       It affects your dexterity (+5).
   SInv:      It lets you see invisible.
   Will:      It decreases your willpower.
 f - a +1 dagger of draining
 n - a +1 vampiric dagger
 C - a +4 spear of freezing
 H - a +1 scimitar of flaming
Missiles
 B - 13 boomerangs of dispersal (quivered)
 U - a throwing net
 V - 7 curare-tipped darts
Armour
 o - a scarf of shadows (worn)
 s - a +0 pair of gloves (worn)
 L - a +2 buckler (worn)
 Q - a +0 robe of resistance (worn)
 R - the +1 robe "Qutt" {rN+}
   (You found it on level 2 of the Lair of Beasts)

   rN:        It protects you from negative energy.
Magical Staves
 b - a staff of conjuration
 x - a staff of cold
Jewellery
 k - a +4 ring of protection
 v - a ring of resist corrosion
 y - a ring of fire
 G - a ring of magical power (right hand)
 J - a +6 ring of intelligence (left hand)
 K - the amulet "Noahipim" (around neck) {RegenMP rF+ Dex+2 Slay-3 SInv}
   (You bought it in a shop on level 5 of the Dungeon)

   [amulet of magic regeneration]

   It increases your rate of magic regeneration.
   Dex:       It affects your dexterity (+2).
   Slay:      It affects your accuracy & damage with ranged weapons and melee
   (-3).
   rF:        It protects you from fire.
   SInv:      It lets you see invisible.
 M - an amulet of regeneration
 X - a ring of poison resistance
Wands
 l - a wand of digging (11)
 w - a wand of paralysis (7)
 A - a wand of mindburst (10)
 E - a wand of iceblast (25)
 I - a wand of flame (24)
Scrolls
 c - 2 scrolls of enchant armour
 e - a scroll of immolation
 j - 3 scrolls of magic mapping
 t - a scroll of silence
 D - 4 scrolls of teleportation
 F - 2 scrolls of fear
 O - a scroll of brand weapon
 S - a scroll of holy word {unknown}
 T - a scroll of fog {unknown}
Potions
 d - 4 potions of ambrosia
 g - 2 potions of mutation
 h - 3 potions of attraction
 i - 3 potions of cancellation
 m - 6 potions of curing {unknown}
 p - 4 potions of haste
 q - 2 potions of brilliance
 r - 2 potions of invisibility
 u - 3 potions of might {unknown}
 N - a potion of resistance {unknown}
 P - 2 potions of magic {unknown}
 W - a potion of lignification {unknown}
 Z - a potion of flight {unknown}
Miscellaneous
 Y - a condenser vane


   Skills:
 - Level 8.0 Fighting
 - Level 4.4 Polearms
 - Level 8.0 Dodging
 - Level 2.0 Stealth
 - Level 4.0 Shields
 - Level 7.0 Spellcasting
 - Level 10.0 Conjurations
 - Level 5.9 Hexes
 - Level 5.1 Translocations
 * Level 11.6 Transmutations
 - Level 4.3 Ice Magic
 + Level 15.0 Air Magic


You had 2 spell levels left.
You knew the following spells:

 Your Spells              Type           Power      Damage    Failure   Level
a - Magic Dart            Conj           100%       1d8       1%          1
b - Searing Ray           Conj           100%       2d8       1%          2
c - Fulminant Prism       Conj/Hex       28%        3d14      1%          4
d - Iskenderun's Mystic   Conj/Tloc      55%        2d12      2%          4
e - Ozocubu's Armour      Ice            38%        N/A       2%          3
f - Hailstorm             Conj/Ice       54%        3d12      3%          4
g - Shock                 Conj/Air       100%       1d9       1%          1
h - Passwall              Tmut/Erth      38%        N/A       1%          2
i - Airstrike             Air            40%        N/A       1%          4

Your spell library contained the following spells:

 Spells                   Type           Power      Damage    Failure   Level
 Apportation              Tloc           84%        N/A       1%          1
 Blink                    Tloc           84%        N/A       1%          2
 Ensorcelled Hibernation  Hex/Ice        84%        N/A       1%          2
 Dazzling Flash           Conj/Hex       100%       N/A       1%          3
 Swiftness                Air            81%        N/A       1%          3
 Sticky Flame             Conj/Fire      42%        2d6       7%          4
 Alistair's Intoxication  Tmut/Pois      30%        N/A       14%         5
 Manifold Assault         Tloc           42%        N/A       19%         5
 Storm Form               Tmut/Air       38%        N/A       21%         7
 Orb of Destruction       Conj           32%        9d10      58%         7
 Starburst                Conj/Fire      21%        6d7       73%         6
 Ozocubu's Refrigeration  Ice            19%        4d8       100%        7


Dungeon Overview and Level Annotations

Branches:
Dungeon (12/15)            Temple (1/1) D:6            Lair (6/6) D:9
  Swamp (0/4) Lair:4        Snake (0/4) Lair:2        Slime (0/5) Lair:5
    Orc (2/2) D:9             Elf (0/3) Orc:2         IceCv (visited)

Altars:
Ashenzari
Cheibriados
Dithmenos
Elyvilon
Fedhas
Gozag
Hepliaklqana
Kikubaaqudgha
Makhleb
Nemelex Xobeh
Okawaru
Qazlal
Ru
Sif Muna
Trog
Uskayaw
Vehumet
Wu Jian
Xom
Yredelemnul
Zin
The Shining One
Beogh
Jiyva

Shops:
D:3 :   D:5 =

Annotations:
Lair:3 Rupert
Lair:5 1 runed translucent door
Orc:1 Jorgrun
Orc:2 exclusion: upstairs


Innate Abilities, Weirdness & Mutations

You have a beak for a mouth.
You have claws for feet.
Your magical nature lets you fly swiftly and evasively.


Message History

The mystic blast hits the yak!
You kill the yak!
The mystic blast hits the death yak!
You kill the death yak!
You hear an angry hiss.
Your Air Magic skill increases to level 15!
Unknown command.
You start resting.
A komodo dragon comes into view.
Okay, then.
A komodo dragon is nearby!
A komodo dragon is nearby!
The komodo dragon is distracted by your dazzling golden aura.
The komodo dragon is no longer distracted by gold.
Your magical contamination has completely faded away.
There is a stone staircase leading up here.
You feel agile.
The +7 trident of Zin's Grace {venom, Will- Dex+5 SInv} begins to drip with poison!
a - the +7 trident of Zin's Grace (weapon)
{venom, Will- Dex+5 SInv} The +7 trident of Zin's Grace {venom, Will- Dex+5 SInv} stops dripping with poison.
b - a staff of conjuration (weapon)
The komodo dragon misses you.
You feel agile.
The +7 trident of Zin's Grace {venom, Will- Dex+5 SInv} begins to drip with poison!
a - the +7 trident of Zin's Grace (weapon)
{venom, Will- Dex+5 SInv} You barely miss the komodo dragon.
You claw the komodo dragon, but do no damage.
You block the komodo dragon's attack.
You hit the komodo dragon but do no damage.
The komodo dragon is poisoned.
The komodo dragon bites you! The komodo dragon bites you!!
* * * LOW HITPOINT WARNING * * *
You hit the komodo dragon but do no damage.
The komodo dragon looks even sicker.
You claw the komodo dragon, but do no damage.
You peck the komodo dragon, but do no damage.
The komodo dragon is lightly wounded.
The komodo dragon bites you!!
You die...
Your body crumbles into a pile of gold.

#..#.#....##....#...P..P........
#...............................
#.#....#.......≈P...........(...
##.######......≈................
### ##.....≈≈≈≈≈..............
#....≈≈≈≈≈≈≈≈≈............
##..≈≈≈≈≈≈≈≈≈≈............
#...≈≈≈.l≈≈≈≈.....P......
#...≈≈≈.@≈≈≈≈≈...........
##..≈≈≈≈..≈≈≈............
###...≈≈≈≈≈≈≈≈≈$...........
#.....≈≈≈≈≈≈≈≈≈........#.##
##....≈.≈≈≈≈≈≈≈.$......####
#.......≈.≈.≈..........# #
####.......#.#...........####
#..........#............#....
##...........#...............


You could see a komodo dragon (very poisoned).

Vanquished Creatures
  Snorg (Orc:2)
  An ice dragon (Lair:6)
  2 boulder beetles
  6 hydras
  Erica (D:8)
  A merfolk avatar (Lair:6)
  10 death yaks (Lair:6)
  A two-headed ogre (D:10)
  Urug (Lair:1)
  Sonja (D:11)
  A sea snake (Lair:6)
  Pikel (D:8)
  2 orc knights
  2 harpies (Lair:6)
  3 ugly things
  An orc sorcerer (Orc:1)
  Joseph (D:9)
  2 manticores (Lair:6)
  7 elephants (Lair:6)
  A black mamba (Lair:5)
  A gargoyle (D:10)
  12 cane toads
  4 rime drakes
  2 kobold demonologists (D:10)
  An unseen horror (D:10)
  Maggie (D:8)
  11 komodo dragons
  4 trolls
  Grinder (D:6)
  2 polar bears
  Prince Ribbit (Lair:2)
  6 dream sheep (Lair:6)
  A meliai zombie (D:11)
  3 hornets (Lair:6)
  15 blink frogs
  A snapping turtle (Lair:6)
  A shadow (D:7)
  2 wraiths
  46 yaks
  3 wyverns
  2 hogs (Lair:4)
  6 basilisks
  A steam dragon (D:10)
  A death yak simulacrum (IceCv)
  6 wargs
  4 nagas (Lair:2)
  17 water moccasins
  2 floating eyes (D:10)
  13 orc warriors
  2 sky beasts
  4 ice beasts
  3 necrophages
  6 black bears
  6 centaurs
  10 ogres
  16 wolves
  2 lemures (D:8)
  A phantom (D:6)
  6 kobold brigands
  12 bullfrogs
  A gnoll sergeant (D:10)
  A scorpion (D:5)
  A wyvern zombie (D:8)
  A water moccasin zombie (D:5)
  6 wights
  9 killer bees
  7 howler monkeys
  A bullfrog zombie (D:7)
  7 centaur zombies
  3 bullfrog skeletons (D:4)
  2 jellies
  8 orc priests
  Jessica (D:2)
  A gnoll shaman (D:6)
  3 iguanas
  9 orc wizards
  A polar bear simulacrum (IceCv)
  A scorpion zombie (D:5)
  A statue (D:7)
  A wolf simulacrum (IceCv)
  A killer bee zombie (D:7)
  2 hound skeletons
  2 howler monkey zombies
  15 gnolls
  A howler monkey skeleton (D:7)
  3 adders
  3 white imps (Lair:6)
  An adder skeleton (D:4)
  4 dart slugs
  45 orcs
  7 endoplasms
  A giant cockroach (D:1)
  9 goblins
  6 hobgoblins
  2 jackals (D:2)
  5 quokkas
  12 ball pythons
  5 bats
  2 frilled lizards
  24 kobolds
  5 rats
504 creatures vanquished.

Vanquished Creatures (others)
  An orc wizard (Orc:1)
  2 bushes
  46 fulminant prisms
  93 fungi
  126 plants
268 creatures vanquished.

Grand Total: 772 creatures vanquished

Notes
Turn   | Place    | Note
-------+----------+-------------------------------------------
     0 | D:1      | Illumine the Tengu Conjurer began the quest for the Orb.
     0 | D:1      | Reached XP level 1. HP: 10/10 MP: 4/4
   172 | D:1      | Found a faded altar of an unknown god.
   201 | D:1      | Reached XP level 2. HP: 15/15 MP: 4/6
   246 | D:1      | Learned a level 2 spell: Searing Ray
   699 | D:2      | Reached XP level 3. HP: 19/19 MP: 5/7
  1004 | D:2      | Noticed Jessica
  1007 | D:2      | Killed Jessica
  1008 | D:2      | Reached XP level 4. HP: 24/24 MP: 1/8
  1592 | D:3      | Gained mutation: Your magical nature lets you fly swiftly
                  | and evasively. [Tengu growth]
  1592 | D:3      | Reached XP level 5. HP: 26/28 MP: 0/10
  1814 | D:3      | Learned a level 4 spell: Fulminant Prism
  1979 | D:3      | Found Enutac's Book Shoppe.
  2125 | D:3      | Found a white marble altar of Elyvilon.
  2504 | D:4      | Found a snail-covered altar of Cheibriados.
  2544 | D:4      | Found an ornate altar of the Wu Jian Council.
  2758 | D:4      | Reached skill level 1 in Hexes
  2850 | D:4      | Reached XP level 6. HP: 28/32 MP: 4/11
  3416 | D:4      | Noticed a necrophage
  3422 | D:4      | Killed a necrophage
  3423 | D:4      | Reached XP level 7. HP: 36/36 MP: 5/12
  3494 | D:4      | Found a shimmering blue altar of Sif Muna.
  3832 | D:4      | Learned a level 4 spell: Iskenderun's Mystic Blast
  4247 | D:5      | Entered Level 5 of the Dungeon
  4265 | D:5      | Reached skill level 1 in Translocations
  4515 | D:5      | Reached XP level 8. HP: 41/41 MP: 9/13
  4762 | D:5      | Upgraded the game from 0.28-a0-1616-g050a506 to
                  | 0.28-a0-1617-gaf8930e
  5079 | D:5      | Reached skill level 1 in Fighting
  5167 | D:5      | Found Vazextaugg's Jewellery Shop.
  5536 | D:5      | Found a burning altar of Makhleb.
  6084 | D:6      | Found a staircase to the Ecumenical Temple.
  6094 | Temple   | Entered the Ecumenical Temple
  6221 | Temple   | Became a worshipper of Gozag Ym Sagoz the Greedy
  6620 | D:6      | Learned a level 3 spell: Ozocubu's Armour
  6635 | D:6      | Reached skill level 1 in Ice Magic
  6635 | D:6      | Reached XP level 9. HP: 37/49 MP: 6/16
  6869 | D:6      | Found a glowing silver altar of Zin.
  6869 | D:6      | Noticed an angel
  7013 | D:6      | Noticed Grinder
  7014 | D:6      | Paralysed by Grinder for 2 turns
  7025 | D:6      | Killed Grinder
  7267 | D:7      | Identified the +1 robe of the Hills {Fly Str-2 SInv}
  7448 | D:7      | Found a radiant altar of Vehumet.
  7789 | D:7      | Reached skill level 5 in Dodging
  8124 | D:7      | Got the Disquisition on Conjuration
  8530 | D:7      | Found a basalt altar of Yredelemnul.
  8582 | D:7      | Found a stormy altar of Qazlal.
  9005 | D:5      | Bought a ring of magical power for 300 gold pieces
  9224 | D:8      | Noticed Erica
  9239 | D:8      | Killed Erica
  9240 | D:8      | Reached skill level 5 in Spellcasting
  9240 | D:8      | Reached skill level 10 in Conjurations
  9240 | D:8      | Reached XP level 10. HP: 37/58 MP: 14/18
  9533 | D:8      | Reached skill level 5 in Fighting
 10330 | D:8      | Reached skill level 5 in Hexes
 10418 | D:8      | Noticed Maggie
 10436 | D:8      | Killed Maggie
 11160 | D:5      | Bought the amulet "Noahipim" {RegenMP rF+ Dex+2 Slay-3
                  | SInv} for 597 gold pieces
 11460 | D:8      | Noticed Pikel
 11474 | D:8      | Killed Pikel
 11840 | D:9      | Reached skill level 1 in Shields
 11976 | D:9      | Reached XP level 11. HP: 8/64 MP: 11/19
 12274 | D:9      | Noticed Joseph
 12754 | D:8      | Learned a level 4 spell: Hailstorm
 13161 | D:9      | Reached skill level 5 in Translocations
 13207 | D:9      | Upgraded the game from 0.28-a0-1617-gaf8930e to
                  | 0.28-a0-1622-gc30f734
 13644 | D:3      | Bought a book of Air for 308 gold pieces
 13646 | D:3      | Learned a level 1 spell: Shock
 13785 | D:9      | Killed Joseph
 13786 | D:9      | Reached skill level 1 in Air Magic
 14064 | D:9      | Found a staircase to the Lair.
 14288 | D:9      | Found a staircase to the Orcish Mines.
 14695 | D:10     | Entered Level 10 of the Dungeon
 14713 | D:10     | Reached skill level 2 in Air Magic
 14820 | Lair:1   | Entered Level 1 of the Lair of Beasts
 14828 | Lair:1   | Reached skill level 3 in Air Magic
 14894 | Lair:1   | Reached skill level 4 in Air Magic
 15252 | Lair:1   | Noticed an eight-headed hydra
 15272 | Lair:1   | Killed an eight-headed hydra
 15273 | Lair:1   | Reached skill level 5 in Air Magic
 15501 | D:3      | Bought a book of Burglary for 280 gold pieces
 15788 | Lair:1   | Reached skill level 6 in Air Magic
 15976 | Lair:1   | Identified the +7 trident of Zin's Grace {venom, Will-
                  | Dex+5 SInv}
 16253 | Lair:1   | Noticed Urug
 16264 | Lair:1   | Learned a level 2 spell: Passwall
 16510 | Lair:2   | Reached XP level 12. HP: 73/73 MP: 21/21
 16512 | Lair:2   | Reached skill level 1 in Polearms
 16512 | Lair:2   | Reached skill level 7 in Air Magic
 16534 | Lair:2   | Noticed an eight-headed hydra
 16543 | Lair:2   | Reached skill level 1 in Transmutations
 16543 | Lair:2   | Killed an eight-headed hydra
 16678 | Lair:2   | Found a frozen archway.
 16686 | IceCv    | Entered an ice cave
 16773 | IceCv    | Found a transporter.
 16820 | IceCv    | Found a transporter.
 16864 | Lair:2   | Reached skill level 8 in Air Magic
 16950 | Lair:2   | Noticed Prince Ribbit
 16957 | Lair:2   | Killed Prince Ribbit
 16988 | Lair:2   | Found a staircase to the Snake Pit.
 17351 | Lair:2   | HP: 2/73 [yak (3)]
 17989 | Lair:2   | Noticed a five-headed hydra
 18003 | Lair:2   | Killed a five-headed hydra
 18004 | Lair:2   | Reached skill level 9 in Air Magic
 18172 | Lair:2   | Identified the +1 robe "Qutt" {rN+}
 18291 | Lair:2   | Noticed a boulder beetle
 18373 | Lair:3   | Noticed Rupert
 18468 | Orc:1    | Entered Level 1 of the Orcish Mines
 18562 | Orc:1    | Paralysed by an orc sorcerer for 2 turns
 18808 | Orc:1    | Reached skill level 10 in Air Magic
 19342 | D:9      | Upgraded the game from 0.28-a0-1622-gc30f734 to
                  | 0.28-a0-1624-g820543e
 19666 | Orc:2    | Entered Level 2 of the Orcish Mines
 19801 | Orc:2    | Reached skill level 5 in Transmutations
 20036 | Orc:1    | Noticed Jorgrun
 20179 | Orc:2    | Found a staircase to the Elven Halls.
 20211 | Orc:2    | Noticed Snorg
 20241 | Orc:2    | Killed Snorg
 20242 | Orc:2    | Reached XP level 13. HP: 78/78 MP: 5/22
 20483 | Orc:2    | Noticed an orc warlord
 20609 | D:10     | Reached skill level 11 in Air Magic
 22307 | D:10     | Found a sparkling altar of Nemelex Xobeh.
 22545 | D:11     | Noticed Sonja
 22555 | D:11     | Killed Sonja
 22735 | D:11     | Reached skill level 12 in Air Magic
 23990 | Lair:1   | Killed Urug
 25017 | Lair:4   | Found a staircase to the Swamp.
 25421 | Lair:4   | Identified a scroll of acquirement
 25425 | Lair:4   | Acquired a +6 ring of intelligence
 25897 | Lair:5   | Reached skill level 13 in Air Magic
 26131 | Lair:5   | Reached XP level 14. HP: 68/84 MP: 5/23
 26578 | Lair:5   | Found a runed translucent door.
 26581 | Lair:5   | Found a viscous altar of Jiyva.
 26582 | Lair:5   | Found a staircase to the Slime Pits.
 26815 | Lair:6   | Entered Level 6 of the Lair of Beasts
 26847 | Lair:5   | Learned a level 4 spell: Airstrike
 27257 | Lair:6   | Reached skill level 10 in Transmutations
 27741 | Lair:6   | Reached skill level 14 in Air Magic
 29444 | Lair:6   | Reached skill level 15 in Air Magic
 29455 | Lair:6   | Demolished by a komodo dragon

Illustrated notes

Levels and vault maps discovered:
D:1:      saegor_arrival_miasma, layout_loops_cross, basic_ecumenical_altar
D:2:      layout_basic, uniq_jessica
D:3:      layout_basic, marbit_many_paths, serial_shops,
          nicolae_shop_hallway_plus, hangedman_abyss_or_decor_lesser_grid
D:4:      layout_basic, kennysheep_slug_shrine, nicolae_wu_jian_glorious_leap,
          nicolae_overflow_crystal_walls, kennysheep_small_circle
D:5:      layout_rooms, makhleb_blood_cavern_becter, serial_shops,
          shop_fountains, kennysheep_generic_room_4
D:6:      layout_gridville, zin_angel, minmay_temple_entry_antechambers,
          uniq_grinder
D:7:      layout_rooms, yredelemnul_altar_generic,
          mainiacjoe_overflow_cross_hatched, vehumet_statue, minivault_5
D:8:      layout_loops_ring, special_room [special_room_orc], roderic_lattice_a,
          minmay_puff, uniq_maggie, uniq_erica, uniq_pikel
D:9:      layout_cave_pods, due_lair_maze_entry_diamond, orc_0_dummy,
          eino_tiny_chamber, minmay_unpleasant_kobolds, uniq_joseph
D:10:     layout_cave_pods, mainiacjoe_overflow_paths, onia_ninara_cookie
D:11:     layout_roguey, kennysheep_nub, hangedman_decor_peaks_small, uniq_sonja
D:12:     layout_irregular_city, serial_shops, kennysheep_mini_moat,
          nicolae_blasting_shop
Temple:   chequers_temple_sunken
Lair:1:   layout_chaotic_city, grunt_megastairs_1, uniq_urug
Lair:2:   layout_cellular_growth, minmay_snake_entry_guardpost_small,
          portal_ice_cave_entry_pillars_2, uniq_prince_ribbit2
Lair:3:   layout_misc_corridors, serial_bayou_shore_b, uniq_gastronok,
          uniq_rupert
Lair:4:   layout_gridlike, minmay_swamp_entry_reptiles, st_stairs_6,
          uniq_josephine, uniq_kirke
Lair:5:   layout_long_grid, slime_altar_2, serial_bayou_shore_a,
          grunt_megastairs_2
Lair:6:   gammafunk_lair_ancient_temple, layout_gridlike, serial_bayou_pond_a,
          bobbens_ice_dragon_lair, infiniplex_staircase_pool_2,
          lemuel_fruit_tree
Orc:1:    layout_diamond_mine, basic_altar, abandoned_shop, uniq_jorgrun
Orc:2:    st_orc_congregation, layout_diamond_mine, nooodl_orcs_dogs,
          uniq_snorg, uniq_erolcha

Skill      XL: |  1  2  3  4  5  6  7  8  9 10 11 12 13 14 |
---------------+-------------------------------------------+-----
Conjurations   | 6 7 8 9 10 | 10.0
Hexes          | 2 3 4 5 |  5.9
Spellcasting   | 3 4 5 7 |  7.0
Translocations | 2 3 4 5 |  5.1
Fighting       | 2 4 6 7 8 |  8.0
Dodging        | 4 5 7 8 |  8.0
Ice Magic      | 1 4 |  4.3
Shields        | 2 4 |  4.0
Air Magic      | 6 10 13 15 | 15.0
Polearms       | 4 |  4.4
Transmutations | 5 9 11 | 11.6
Stealth        | |  2.0

Action                   |  1- 3 |  4- 6 |  7- 9 | 10-12 | 13-15 || total
-------------------------+-------+-------+-------+-------+-------++-------
Melee: Dagger            |     1 |     4 |     7 |       |       ||    12
       Peck              |       |     1 |     1 |    13 |    43 ||    58
       Kick              |       |       |     2 |    33 |    86 ||   121
       Spear             |       |       |     1 |    37 |       ||    38
       Punch             |       |       |       |     1 |       ||     1
       Trident           |       |       |       |    72 |   193 ||   265
       Staff             |       |       |       |       |    10 ||    10
Throw: Boomerang         |       |       |       |       |     3 ||     3
 Cast: Magic Dart        |    46 |    55 |    38 |    65 |    17 ||   221
       Searing Ray       |       |    13 |    61 |    90 |    15 ||   179
       Iskenderun's Myst |       |       |     7 |   106 |   125 ||   238
       Fulminant Prism   |       |       |     4 |    26 |    16 ||    46
       Hailstorm         |       |       |       |    87 |   127 ||   214
       Shock             |       |       |       |     1 |     5 ||     6
       Airstrike         |       |       |       |       |    73 ||    73
  Use: Scroll            |       |     3 |     6 |     5 |     8 ||    22
 Stab: Sleeping          |       |       |     1 |       |     1 ||     2
       Distracted        |       |       |       |       |     2 ||     2
Armor: Robe              |       |     9 |    11 |    44 |    41 ||   105
Dodge: Dodged            |     5 |    24 |    43 |   171 |   244 ||   487
Block: Buckler           |       |       |       |    31 |   116 ||   147

Table legend: (Time is in decaauts)
 A = Elapsed time spent in this place.
 B = Non-inter-level travel time spent in this place.
 C = Inter-level travel time spent in this place.
 D = Time resting spent in this place.
 E = Time spent auto-exploring this place.
 F = Levels seen in this place.
 G = Mean time per level.
                   A        B        C        D        E       F      G
               +--------+--------+--------+--------+--------+-----+--------+
         Total |  28220 |  26222 |   1998 |  10363 |  10774 |  22 | 1282.7 |
       Dungeon |  18177 |  16510 |   1667 |   6730 |   6967 |  12 | 1514.8 |
        Temple |    136 |    118 |     18 |      0 |     74 |   1 |  136.0 |
          Lair |   8344 |   8111 |    233 |   3247 |   3219 |   6 | 1390.7 |
  Orcish Mines |   1421 |   1342 |     79 |    334 |    512 |   2 |  710.5 |
      Ice Cave |    140 |    140 |      0 |     51 |      0 |   1 |  140.0 |
               +--------+--------+--------+--------+--------+-----+--------+

Top non-repeatable levels by time:
     D:9: 3231 daAuts
     D:8: 3071 daAuts
  Lair:1: 2398 daAuts
  Lair:6: 1953 daAuts
     D:4: 1921 daAuts
  Lair:5: 1832 daAuts
     D:6: 1803 daAuts
    D:10: 1650 daAuts
     D:5: 1610 daAuts
     D:7: 1385 daAuts
  Lair:2: 1252 daAuts
    D:11: 1024 daAuts
     D:3: 991 daAuts
     D:2: 908 daAuts
   Orc:1: 768 daAuts
